 Dungeon Crawl Stone Soup version 0.22-a0-42-g002c468 (webtiles) character file.

633 Gorglomux the Covered (level 7, 32/64 HPs)
             Began as a Deep Dwarf Fighter on Jan 5, 2018.
             Quit the game on level 4 of the Dungeon.
             The game lasted 00:03:25 (2388 turns).

Gorglomux the Covered (Deep Dwarf Fighter)          Turns: 2388, Time: 00:03:26

Health: 32/64      AC: 10    Str: 22    XL:     7   Next: 24%
Magic:  6/6        EV:  9    Int:  8    God:
Gold:   136        SH: 10    Dex: 12    Spells: 6/6 levels left

rFire    . . .     SeeInvis .   a - +0 war axe
rCold    . . .     Gourm    .   c - +0 shield
rNeg     . . .     Faith    .   b - +0 scale mail
rPois    .         Spirit   .   (no helmet)
rElec    .         Reflect  .   (no cloak)
rCorr    .         Harm     .   L - +2 pair of gloves
MR       +....                  (no boots)
Stlth    ..........             (no amulet)
HPRegen  0.00/turn              (no ring)
MPRegen  0.10/turn              (no ring)

@: mildly poisoned (32 -> 32), non-regenerating
A: damage resistance, heal wounds, sense surroundings 1, no regeneration
a: Heal Wounds


You were on level 4 of the Dungeon.
You were not hungry.

You visited 1 branch of the dungeon, and saw 4 of its levels.

You collected 136 gold pieces.

Inventory:

Hand Weapons
 a - a +0 war axe (weapon)
Missiles
 Z - a throwing net (quivered)
Armour
 b - a +0 scale mail (worn)
 c - a +0 shield (worn)
 L - a +2 pair of gloves (worn)
Jewellery
 g - a cursed amulet of inaccuracy {unknown}
 O - an uncursed ring of poison resistance {unknown}
 V - an uncursed ring of protection from cold {unknown}
Scrolls
 i - a scroll of blinking {unknown}
 H - a scroll of remove curse {unknown}
 I - a scroll of enchant armour {unknown}
 J - a scroll of random uselessness {unknown}
 S - a scroll of teleportation {unknown}
 U - 2 scrolls of magic mapping {unknown}
 Y - 7 scrolls of identify {unknown}
Potions
 d - a potion of might
 h - a potion of haste {unknown}
 G - a potion of flight {unknown}
 K - a potion of degeneration {unknown}
 M - 3 potions of mutation {unknown}
 N - a potion of cancellation {unknown}
 P - a potion of experience {unknown}
 Q - 3 potions of heal wounds {unknown}
 R - 3 potions of curing {unknown}
 T - a potion of brilliance {unknown}
 W - a potion of invisibility {unknown}
Comestibles
 f - 3 rations
 X - 4 chunks of flesh


   Skills:
 + Level 4.2 Fighting
 + Level 4.3 Axes
 + Level 5.0 Armour
 + Level 3.5 Dodging
 + Level 5.0 Shields


You had 6 spell levels left.
You didn't know any spells.

Dungeon Overview and Level Annotations

Branches:
Dungeon (4/15)
 Temple: D:4-7

Altars:
Dithmenos
Qazlal
Wu Jian
Zin

Annotations:
D:4 Lanoc's ghost, amateur NaFE


Innate Abilities, Weirdness & Mutations

You are resistant to damage.
You can heal yourself by infusing magical energy.
You passively map a small area around you.
You do not regenerate.


Message History

A jackal is nearby!!!
A jackal is nearby!!!
A jackal is nearby!!!
You are too injured to fight recklessly!!!
You are too injured to fight recklessly!!!
You are too butt to fight recklessly!!!
You are too injured to fight recklessly!!!
You are too injured to fight recklessly!!!
You are butt injured to fight recklessly!!!
A jackal is nearby!!!
You are too injured to fight recklessly!!!
You are too injured to butt recklessly!!!
You are too injured to fight recklessly!!!
You are too injured to fight recklessly!!!
You are butt injured to fight recklessly!!!
A phantom comes into view!
Found 19 bolts!
Found a stone staircase leading up!
Butt carve the jackal like a ham!!!
You annihilate the jackal!!!
Are you sure you want to abandon this character and quit the game? (Confirm with "yes"!)

*#####
#.##........ ,,
#.##.####... ,
#.##.# ###. , *
#.##.# #. ,
#....# ## #
#.#### # **
#(.##########.#
# ,
#.............#
# *
,.......@#######
# #.####..# #
...W#
############# *
* ####<#
#..........## ,
#.#
#.########.## ,
** #.# #.# #.>.
* #.# #.# #.##
,, ..# #.# #.##
, * , #.### #...


You could see a phantom.

Vanquished Creatures
  Sigmund (D:2)
  An orc priest (D:3)
  A bullfrog skeleton (D:4)
  Natasha (thrice) (D:3)
  Terence (D:3)
  3 orc wizards (D:3)
  A worker ant (D:3)
  3 adders (D:2)
  4 gnolls (D:4)
  3 oozes
  3 worms
  2 dart slugs
  3 leopard geckos
  18 orcs
  2 giant cockroaches (D:3)
  9 goblins
  15 hobgoblins
  11 jackals
  A ball python (D:1)
  7 bats
  10 frilled lizards
  9 kobolds
  13 rats
124 creatures vanquished.

Notes
Turn   | Place    | Note
-------+----------+-------------------------------------------
     0 | D:1      | Gorglomux the Deep Dwarf Fighter began the quest for the Orb.
     0 | D:1      | Reached XP level 1. HP: 20/20 MP: 1/1
   237 | D:1      | Reached XP level 2. HP: 24/27 MP: 2/2
   353 | D:1      | Reached skill level 1 in Dodging
   357 | D:1      | Reached skill level 3 in Fighting
   389 | D:1      | Reached XP level 3. HP: 24/34 MP: 3/3
   759 | D:2      | Noticed Sigmund
   779 | D:2      | Killed Sigmund
   779 | D:2      | Reached skill level 3 in Axes
   779 | D:2      | Reached XP level 4. HP: 22/42 MP: 4/4
   779 | D:2      | Reached XP level 5. HP: 26/49 MP: 5/5
   783 | D:2      | Found an ornate altar of the Wu Jian Council.
   968 | D:2      | Found a shadowy altar of Dithmenos.
  1417 | D:3      | Reached XP level 6. HP: 20/57 MP: 6/6
  1450 | D:3      | Noticed Terence
  1464 | D:3      | Killed Terence
  1634 | D:3      | Found a stormy altar of Qazlal.
  1634 | D:3      | Found a glowing silver altar of Zin.
  1685 | D:3      | Reached skill level 3 in Dodging
  1689 | D:3      | Noticed Natasha
  1695 | D:3      | Killed Natasha
  1722 | D:3      | Found a faded altar of an unknown god.
  1936 | D:3      | Noticed Natasha
  1938 | D:3      | Killed Natasha
  1938 | D:3      | Reached XP level 7. HP: 47/64 MP: 6/6
  2172 | D:3      | Noticed Natasha
  2178 | D:3      | Killed Natasha
  2362 | D:4      | Noticed Lanoc's ghost (amateur NaFE)
  2388 | D:4      | Quit the game

Vault maps used:
D:1:      dpeg_arrival_morbid_curiosity, amethyst_killhole, st_stairs_10
D:2:      grunt_dithmenos_smoke_and_mirrors, nicolae_overflow_crystal_walls,
          uniq_sigmund
D:3:      gammafunk_temple_overflow_wave, chequers_ecumenical_altar_island,
          uniq_natasha, uniq_terence
D:4:      first_ration, trog_butcher_becter, uniq_blork_the_orc, uniq_robin

Skill      XL: |  1  2  3  4  5  6  7 |
---------------+----------------------+-----
Dodging        | 1 2 3 |  3.5
Fighting       | 3 4 |  4.2
Axes           | 3 4 |  4.3
Armour         | 4 5 |  5.0
Shields        | 4 5 |  5.0

Action                   |  1- 3 |  4- 6 |  7- 9 || total
-------------------------+-------+-------+-------++-------
Melee: War axe           |   131 |   186 |    59 ||   376
 Abil: Heal Wounds       |     1 |     3 |     1 ||     5
  Eat: Chunk             |       |     4 |     2 ||     6
Armor: Scale mail        |    69 |    87 |    33 ||   189
Dodge: Dodged            |    47 |    74 |    13 ||   134
Block: Shield            |    88 |   112 |    41 ||   241

Table legend:
 A = Spawn XP
 B = Non-spawn XP
 C = Spawn XP percentage of total XP
 D = Spawn monster count
 E = Non-spawn monster count
 F = Spawn count percentage of total count
 G = Total turns spent on level
                    A         B        C        D         E        F      G
               +---------+---------+-------+---------+---------+-------+---------
         Total |       0 |     905 |   0.0 |       0 |     124 |   0.0 |  2388
               +---------+---------+-------+---------+---------+-------+---------
           D:1 |       0 |      59 |   0.0 |       0 |      34 |   0.0 |   706
           D:2 |       0 |     305 |   0.0 |       0 |      27 |   0.0 |   656
           D:3 |       0 |     423 |   0.0 |       0 |      50 |   0.0 |   830
           D:4 |       0 |     118 |   0.0 |       0 |      13 |   0.0 |   196
               +---------+---------+-------+---------+---------+-------+---------
